 Dungeon Crawl Stone Soup version 0.31-a0-1447-g87ca8d402b (webtiles) character file.

Game seed: 7721459940002059847

10 Atlas the Firebug (level 2, -2/19 HPs)
             Began as a Demonspawn Fire Elementalist on Dec 27, 2023.
             Slain by a ball python (3 damage)
             ... on level 1 of the Dungeon.
             The game lasted 00:00:41 (876 turns).

Atlas the Firebug (Demonspawn Fire Elementalist)     Turns: 876, Time: 00:00:42

Health: -2/19      AC:  2    Str:  8    XL:     2   Next: 10%
Magic:  5/5        EV:  9    Int: 15    God:
Gold:   12         SH:  0    Dex: 13    Spells: 4/5 levels left

rFire   . . .        (no weapon)
rCold   . . .        (no shield)
rNeg    . . .        a - +0 robe
rPois   .            (no helmet)
rElec   .            (no cloak)
rCorr   .            (no gloves)
SInv    .            (no boots)
Will    .....        (no amulet)
Stlth   ++           (no ring)
HPRegen 0.23/turn    (no ring)
MPRegen 0.09/turn

%: no passive effects
@: constricted
A: hooves 1
a: no special abilities


You were on level 1 of the Dungeon.
You visited 1 branch of the dungeon, and saw 1 of its levels.

You collected 12 gold pieces.

Inventory:

Armour
 a - a +0 robe (worn)
Scrolls
 c - a scroll of amnesia {unknown}
 d - a scroll of acquirement {unknown}
 e - a scroll of brand weapon {unknown}
 f - a scroll of enchant armour {unknown}
 g - a scroll of identify {unknown}
Potions
 b - a potion of magic


   Skills:
 + Level 1.8 Dodging
 + Level 1.8 Stealth
 + Level 2.1 Spellcasting
 + Level 1.0 Conjurations
 + Level 3.1 Fire Magic


You had 4 spell levels left.
You knew the following spells:

 Your Spells              Type           Power      Damage    Failure   Level
a - Foxfire               Conj/Fire      28%        2x1d5     10%         1

Your spell library contained the following spells:

 Spells                   Type           Power      Damage    Failure   Level
 Scorch                   Fire           22%        2d5       9%          2
 Inner Flame              Hex/Fire       6%         N/A       34%         3
 Volatile Blastmotes      Fire/Tloc      12%        2d11      34%         3
 Flame Wave               Conj/Fire      7%         2d5       67%         4


Dungeon Overview and Level Annotations

Branches:
Dungeon (1/15)

Altars:


Innate Abilities, Weirdness & Mutations

You have large cloven feet.


Message History

The giant cockroach bites you but does no damage.
The ball python hisses angrily.
The giant cockroach attacks as it pursues you!
The giant cockroach bites you but does no damage.
You hit the ball python. Your kick misses the ball python.
The ball python is moderately wounded.
The giant cockroach bites you. The ball python closely misses you.
The ball python completely misses you. The giant cockroach bites you.
The ball python bites you. The ball python grabs you.
The ball python constricts you. The giant cockroach closely misses you.
The ball python barely misses you. The ball python constricts you.
The giant cockroach bites you but does no damage.
The ball python closely misses you. The ball python constricts you.
The giant cockroach barely misses you. The ball python bites you.
The ball python constricts you. The giant cockroach bites you.
The ball python closely misses you. The ball python constricts you.
The giant cockroach bites you.
The ball python bites you but does no damage.
The ball python constricts you.
The giant cockroach bites you but does no damage.
The ball python bites you. The ball python constricts you.
The giant cockroach bites you but does no damage.
The ball python misses you. The ball python constricts you.
The giant cockroach bites you. The ball python completely misses you.
The ball python constricts you. The giant cockroach bites you.
The ball python bites you.
* * * LOW HITPOINT WARNING * * *
The ball python constricts you.
* * * LOW HITPOINT WARNING * * *
The giant cockroach bites you.
* * * LOW HITPOINT WARNING * * *
The ball python bites you.
* * * LOW HITPOINT WARNING * * *
The ball python constricts you.
* * * LOW HITPOINT WARNING * * *
The giant cockroach bites you but does no damage.
The ball python bites you.
You die...

#.........##.##.# #.#
#.###.###....##.# #.# #.# #.#
#.#####+## #.# #.###.# #.#
##...## ###.#### #.##..#
#.###.....## #.......
#.##..###.##.......## #....###
#.##...##.#.........####..#..##
#.........+.........'..........
###.......#..S@B....####....###
#...###.##.......## #..#.# #
#..## #.###.....## #.##.###
#..####.# ##...## #.......
#.....#.# ##+## ####.###
#.###.#.# #.# #.# #.###.#.##
#.# #.# #........# ##.## #.#
#........###...## #.#


You could see a giant cockroach and a ball python.

Vanquished Creatures
  2 dart slugs (D:1)
  A hobgoblin (D:1)
  A kobold (D:1)
  A bat (D:1)
  A frilled lizard (D:1)
  A rat (D:1)
7 creatures vanquished.

Vanquished Creatures (others)
  31 foxfires (D:1)
31 creatures vanquished.

Grand Total: 38 creatures vanquished

Notes
Turn   | Place    | Note
-------+----------+-------------------------------------------
     0 | D:1      | Atlas the Demonspawn Fire Elementalist began the quest for
                  | the Orb.
     0 | D:1      | Reached XP level 1. HP: 13/13 MP: 3/3
   689 | D:1      | Reached skill level 3 in Fire Magic
   762 | D:1      | Gained mutation: You have large cloven feet. [demonic
                  | ancestry]
   762 | D:1      | Reached XP level 2. HP: 19/19 MP: 0/5
   876 | D:1      | Slain by a ball python

Illustrated notes

Levels and vault maps discovered:
D:1:      scummos_arrival_simple_crosswalls, layout_loops_corners

Skill      XL: |  1 |
---------------+----+-----
Fire Magic     | 3 |  3.1
Dodging        | |  1.8
Stealth        | |  1.8
Spellcasting   | |  2.1
Conjurations   | |  1.0

Action                     || total
---------------------------++-------
  Melee: Unarmed           ||    15
   Cast: Foxfire           ||    19
 Armour: Robe              ||    28
  Dodge: Dodged            ||    18

Table legend: (Time is in decaauts)
 A = Elapsed time spent in this place.
 B = Non-inter-level travel time spent in this place.
 C = Inter-level travel time spent in this place.
 D = Time resting spent in this place.
 E = Time spent auto-exploring this place.
 F = Levels seen in this place.
 G = Mean time per level.
                   A        B        C        D        E       F      G
               +--------+--------+--------+--------+--------+-----+--------+
         Total |    876 |    870 |      6 |      0 |    774 |   1 |  876.0 |
       Dungeon |    876 |    870 |      6 |      0 |    774 |   1 |  876.0 |
               +--------+--------+--------+--------+--------+-----+--------+

Top non-repeatable levels by time:
     D:1: 876 daAuts
